 Dungeon Crawl Stone Soup version 0.31.0-12-g77e489cdc1 (webtiles) character file.

Game seed: 12081376943309799795

141 Ashen the Ruffian (level 5, -5/49 HPs)
             Began as a Troll Shapeshifter on Feb 15, 2024.
             Killed by nerve-wracking pain
             ... invoked by Grinder
              (11 damage)
             ... on level 3 of the Dungeon.
             The game lasted 00:02:54 (1536 turns).

Ashen the Ruffian (Troll Shapeshifter)              Turns: 1536, Time: 00:02:55

Health: -5/49      AC:  4    Str: 22    XL:     5   Next: 3%
Magic:  4/4        EV: 10    Int:  6    God:
Gold:   127        SH:  0    Dex: 11    Spells: 4/4 levels left

rFire   . .          .
                       - Unarmed
rCold   . . .        (no shield)
rNeg    . . .        a - +0 animal skin
rPois   +            (helmet currently unavailable)
rElec   .            (cloak currently unavailable)
rCorr   .            (gloves unavailable)
SInv    .            (boots unavailable)
Will    .....        (no amulet)
Stlth   +            r - ring of poison resistance
HPRegen 1.08/turn    (no ring)
MPRegen 0.09/turn

%: no passive effects
@: beast-form
A: beast (slay +2), large, unfitting armour, claws 3, regeneration 1, shaggy fur
1, tough skin 1
a: Begin Untransformation


You were on level 3 of the Dungeon.
You were a hulking beast.
You visited 1 branch of the dungeon, and saw 3 of its levels.

You collected 127 gold pieces.

Inventory:

Armour
 a - a +0 animal skin (worn)
 s - a +1 hat
Jewellery
 r - a ring of poison resistance (left claw)
Talismans
 c - a beast talisman
 d - a flux talisman
Scrolls
 f - a scroll of enchant weapon {unknown}
 g - a scroll of butterflies {unknown}
 h - 2 scrolls of blinking {unknown}
 i - 2 scrolls of identify {unknown}
 k - 2 scrolls of revelation {unknown}
 o - a scroll of teleportation {unknown}
 q - a scroll of enchant armour {unknown}
 t - a scroll of fear {unknown}
Potions
 b - a potion of lignification
 e - 2 potions of curing {unknown}
 j - 2 potions of degeneration {unknown}
 l - a potion of invisibility {unknown}
 m - 2 potions of heal wounds {unknown}
 n - a potion of haste {unknown}
 p - a potion of brilliance {unknown}


   Skills:
 + Level 2.0 Fighting
 + Level 2.5 Dodging
 + Level 3.8 Unarmed Combat
 + Level 3.7 Shapeshifting


You had 4 spell levels left.
You didn't know any spells.
Your spell library contained the following spells:

 Spells                   Type           Power      Damage    Failure   Level
 Summon Small Mammal      Summ           0%         N/A       45%         1
 Static Discharge         Conj/Air       0%         3-3/arc   58%         2
 Call Canine Familiar     Summ           0%         N/A       83%         3
 Stone Arrow              Conj/Erth      0%         3d7       83%         3
 Airstrike                Air            0%         2d(0-16)  99%         4
 Animate Armour           Summ/Erth      0%         N/A       99%         4
 Summon Blazeheart Golem  Fire/Summ      0%         N/A       99%         4
 Summon Lightning Spire   Summ/Air       0%         N/A       99%         4
 Iskenderun's Battlesphe  Conj           0%         2d6       100%        5
 Bombard                  Conj/Erth      0%         9d1       100%        6
 Spellforged Servitor     Conj/Summ      0%         N/A       100%        7
 Lehudib's Crystal Spear  Conj/Erth      0%         10d2      100%        8


Dungeon Overview and Level Annotations

Branches:
Dungeon (3/15)

Altars:

Annotations:
D:3 Grinder


Innate Abilities, Weirdness & Mutations

You are a hulking beast.
Your limbs bulge with bestial killing power. (Slay +2)
You are too large for most types of armour.
You have claws for hands.
Your natural rate of healing is unusually fast.
You are covered in fur. (AC +1)
You have tough skin. (AC +1)


Message History

You resist with significant effort. Grinder hits you but does no damage.
Grinder hits you!
You writhe in agony.
You can move again.
You closely miss Grinder.
Grinder is moderately wounded.
Grinder hits you.
You barely miss Grinder.
Grinder is moderately wounded.
Grinder hits you.
You writhe in agony.
You barely miss Grinder.
Grinder is moderately wounded.
Grinder hits you.
You barely miss Grinder.
Grinder is moderately wounded.
Grinder hits you.
Unknown command.
You closely miss Grinder.
Grinder is moderately wounded.
You claw Grinder!
Grinder is severely wounded.
Grinder hits you.
You writhe in agony.
* * * LOW HITPOINT WARNING * * *
You barely miss Grinder.
Grinder is severely wounded.
Grinder gestures at you. You resist with significant effort.
You scratch Grinder.
Grinder is almost dead.
Grinder hits you!
* * * LOW HITPOINT WARNING * * *
You writhe in agony.
* * * LOW HITPOINT WARNING * * *
You closely miss Grinder.
Grinder is almost dead.
A goblin comes into view. It is wielding a +0 club.
Grinder gestures at you. Pain shoots through your body!
You die...
Grinder says, "Now the real fun starts!"

.##########..(..[........#.#
.............#####.#######.#
.............#.............#
.............#.##..#########
.######## #..#.##.## .#
##g.#.#..# .# ####.......##
.# #...†..#.##### .#
##.##.#.#..h5.#
.#####.....#.#####.#
....##..####.# # ......>.#
#.# .######.# #.# ## #.# #.#
#.# #.# #.#


You could see Grinder and a goblin (wandering).

Vanquished Creatures
  Jessica (D:2)
  4 gnolls (D:2)
  3 adders
  A ribbon worm (D:2)
  8 endoplasms
  3 giant cockroaches
  4 goblins
  2 hobgoblins (D:2)
  6 kobolds
  4 quokkas
  6 ball pythons
  A bat (D:2)
  A frilled lizard (D:1)
  6 rats
50 creatures vanquished.

Notes
Turn   | Place    | Note
-------+----------+-------------------------------------------
     0 | D:1      | Ashen the Troll Shapeshifter began the quest for the Orb.
     0 | D:1      | Reached XP level 1. HP: 18/18 MP: 0/0
    69 | D:1      | Reached skill level 1 in Fighting
   164 | D:1      | Reached XP level 2. HP: 7/27 MP: 1/1
   445 | D:1      | Found a faded altar of an unknown god.
   579 | D:2      | Reached XP level 3. HP: 33/33 MP: 2/2
   756 | D:2      | Noticed Jessica
   758 | D:2      | Killed Jessica
   759 | D:2      | Reached XP level 4. HP: 38/41 MP: 3/3
  1409 | D:3      | Reached XP level 5. HP: 49/49 MP: 4/4
  1518 | D:3      | Noticed Grinder
  1522 | D:3      | Paralysed by Grinder for 5 turns
  1536 | D:3      | Killed from afar by Grinder

Illustrated notes

Levels and vault maps discovered:
D:1:      dpeg_arrival_long_road, layout_rooms,
          shapermc_ecumenical_altar_mp_vishouse
D:2:      layout_loops_corners, minmay_heptomino_d4, uniq_jessica
D:3:      layout_basic, yredelemnul_forgotten_temple_becter,
          grunt_dithmenos_smoke, amcnicky_altar_gilded,
          nicolae_ru_great_annihilating_truth, gammafunk_ghost_mausoleum,
          serial_shops, shop, uniq_natasha, uniq_grinder

Skill      XL: |  1  2  3  4 |
---------------+-------------+-----
Fighting       | 1 2 |  2.0
Dodging        | 2 |  2.5
Unarmed Combat | |  3.8
Shapeshifting  | |  3.7

Action                     |  1- 3 |  4- 6 || total
---------------------------+-------+-------++-------
  Melee: Unarmed           |    66 |    60 ||   126
   Stab: Sleeping          |       |     1 ||     1
 Armour: Animal skin       |    38 |    46 ||    84
  Dodge: Dodged            |    20 |    24 ||    44
